 Dungeon Crawl Stone Soup version 0.31-a0-705-ga145531891 (webtiles) character file.

Game seed: 16861125120137313598

225 Ofeo the Changeling (level 5, -1/37 HPs)
             Began as a Demonspawn Shapeshifter on Sept 9, 2023.
             Slain by an orc wizard
             ... wielding a +2 broad axe of freezing
              (7 damage)
             ... on level 4 of the Dungeon.
             The game lasted 00:02:12 (2800 turns).

Ofeo the Changeling (Demonspawn Shapeshifter)       Turns: 2800, Time: 00:02:13

Health: -1/37      AC:  5    Str: 14    XL:     5   Next: 68%
Magic:  5/5        EV: 11    Int: 11    God:
Gold:   163        SH:  0    Dex: 15    Spells: 4/4 levels left

rFire   . . .        g - +2 dagger (venom)
rCold   . . .        (no shield)
rNeg    . . .        h - +0 ring mail
rPois   .            (helmet currently unavailable)
rElec   .            (cloak currently unavailable)
rCorr   .            (gloves currently unavailable)
SInv    .            (boots currently unavailable)
Will    .....        (no amulet) Stlth
                     (no ring)
HPRegen 0.26/turn    (no ring)
MPRegen 0.09/turn

%: no passive effects
@: confused, beast-form
A: beast (slay +3), antennae 1, large bone plates 1, powered by pain 1
a: Begin Untransformation


You were on level 4 of the Dungeon.
You were a hulking beast.
You visited 1 branch of the dungeon, and saw 4 of its levels.

You collected 163 gold pieces.

Inventory:

Hand Weapons
 g - a +2 dagger of venom (weapon)
Missiles
 n - a throwing net
Armour
 a - a +0 animal skin
 h - a +0 ring mail (worn)
 q - a +0 pair of gloves
Jewellery
 k - an amulet of the acrobat
Talismans
 c - a beast talisman (active)
 d - a flux talisman
Scrolls
 b - 2 scrolls of blinking {@r4}
 e - a scroll of noise
 i - 2 scrolls of identify {@r1}
 r - a scroll of vulnerability {unknown}
Potions
 f - a potion of degeneration {unknown}
 j - 2 potions of might {unknown}
 l - 2 potions of lignification
 m - a potion of haste {unknown}
 o - a potion of attraction {unknown}
 p - 2 potions of curing {unknown}


   Skills:
 - Level 1.0 Fighting
 - Level 1.7 Dodging
 - Level 2.6 Unarmed Combat
 + Level 5.5 Shapeshifting


You had 4 spell levels left.
You didn't know any spells.
Your spell library was empty.

Dungeon Overview and Level Annotations

Branches:
Dungeon (4/15)
 Temple: D:4-7

Altars:

Annotations:
D:3 1 runed translucent door, Crazy Yiuf


Innate Abilities, Weirdness & Mutations

You are a hulking beast.
Your limbs bulge with bestial killing power. (Slay +3)
You have a pair of small antennae on your head.
You are partially covered in large bone plates. (SH +4)
You sometimes gain a little power by taking damage.


Message History

Deactivating autopickup; reactivate with Ctrl-A.
The kobold throws a stone.
The stone hits you but does no damage.
You hear a shout!
You hit the orc priest.
The orc priest looks as sick as possible!
The orc priest is heavily wounded.
An orc wizard comes into view.
It is wielding a +2 broad axe of freezing.
The orc priest hits you with a +1 hand axe of freezing.
The orc priest freezes you.
You take 4 damage, and have 13/37 hp.
You barely miss the orc priest.
The orc priest is almost dead.
The orc priest miscasts a cantrip.
You hear some strange, mumbled words.
You are confused.
You barely miss the orc priest.
The orc priest is almost dead.
You kill the orc priest!
Something hits you.
* * * LOW HITPOINT WARNING * * *
The orc wizard points at you and mumbles some strange words.
The kobold throws a stone.
The stone closely misses you.
You take 3 damage, and have 10/37 hp.
Something hits you.
* * * LOW HITPOINT WARNING * * *
The kobold throws a stone.
The stone hits you but does no damage.
Things that are here:
a +1 hand axe of freezing; a +0 chain mail You take 2 damage, and have 8/37 hp.
You are too injured to fight recklessly!
You barely miss the orc wizard. Something hits you.
* * * LOW HITPOINT WARNING * * *
The orc wizard points at you and mumbles some strange words.
You resist with some effort.
You take 1 damage, and have 7/37 hp.
You are too injured to fight recklessly!
Something hits you.
* * * LOW HITPOINT WARNING * * *
The orc wizard hits you with a +2 broad axe of freezing!
You die...

######### #.....#
........#######.....###
#..>...........+.. #
#..#######)....##. ..
#..# ####........
...####..# #........##.
......K..# #...........
...##.{).# #......####.
#.oh.# ######.# #.
#[...# #.# ## .....#.#
#.# ....... .# #>#####
.)..... .# #.#....
....... .# #.#.###
.......#.# #.#.#
##.....#.# #.#'## #.#
#....#


You could see an orc wizard and a kobold.

Vanquished Creatures
  A kobold brigand (D:3)
  A jelly (D:4)
  An orc priest (D:4)
  2 adders
  A dart slug (D:1)
  An orc (D:3)
  4 ball pythons
  5 bats
  3 endoplasms
  4 giant cockroaches
  6 goblins
  11 hobgoblins
  11 jackals
  A frilled lizard (D:3)
  6 kobolds
  6 rats
64 creatures vanquished.

Notes
Turn   | Place    | Note
-------+----------+-------------------------------------------
     0 | D:1      | Ofeo the Demonspawn Shapeshifter began the quest for the
                  | Orb.
     0 | D:1      | Reached XP level 1. HP: 15/15 MP: 1/1
    85 | D:1      | Reached skill level 3 in Shapeshifting
   160 | D:1      | Gained mutation: You sometimes gain a little power by
                  | taking damage. [demonic ancestry]
   160 | D:1      | Reached XP level 2. HP: 13/21 MP: 2/2
   888 | D:2      | Gained mutation: You have a pair of small antennae on your
                  | head. [demonic ancestry]
   888 | D:2      | Reached XP level 3. HP: 26/26 MP: 3/3
  1096 | D:2      | Reached skill level 4 in Shapeshifting
  1293 | D:3      | Gained mutation: You are partially covered in large bone
                  | plates. (SH +4) [demonic ancestry]
  1293 | D:3      | Reached XP level 4. HP: 21/32 MP: 4/4
  1944 | D:3      | Noticed a kobold brigand
  1954 | D:3      | Killed a kobold brigand
  1955 | D:3      | Reached skill level 5 in Shapeshifting
  1955 | D:3      | Reached XP level 5. HP: 11/37 MP: 5/5
  2078 | D:3      | Found a runed translucent door.
  2079 | D:3      | Noticed Crazy Yiuf
  2800 | D:4      | Slain by an orc wizard

Illustrated notes

Levels and vault maps discovered:
D:1:      eino_arrival_water_cross, layout_rooms, st_stairs_10
D:2:      layout_basic
D:3:      corexii_shack_village, layout_loops_corners, uniq_crazy_yiuf_cottage
D:4:      layout_basic

Skill      XL: |  1  2  3  4 |
---------------+-------------+-----
Shapeshifting  | 3 4 5 |  5.5
Fighting       | |  1.0
Dodging        | |  1.7
Unarmed Combat | |  2.6

Action                     |  1- 3 |  4- 6 || total
---------------------------+-------+-------++-------
  Melee: Unarmed           |    79 |       ||    79
         Dagger            |    51 |    72 ||   123
         Punch             |     2 |     3 ||     5
    Use: Scroll            |     3 |       ||     3
   Stab: Sleeping          |     1 |       ||     1
 Armour: Animal skin       |    43 |       ||    43
         Ring mail         |    46 |    35 ||    81
  Dodge: Dodged            |    80 |    29 ||   109
  Block: Other             |       |     7 ||     7

Table legend: (Time is in decaauts)
 A = Elapsed time spent in this place.
 B = Non-inter-level travel time spent in this place.
 C = Inter-level travel time spent in this place.
 D = Time resting spent in this place.
 E = Time spent auto-exploring this place.
 F = Levels seen in this place.
 G = Mean time per level.
                   A        B        C        D        E       F      G
               +--------+--------+--------+--------+--------+-----+--------+
         Total |   2794 |   2718 |     76 |      0 |   2308 |   4 |  698.5 |
       Dungeon |   2794 |   2718 |     76 |      0 |   2308 |   4 |  698.5 |
               +--------+--------+--------+--------+--------+-----+--------+

Top non-repeatable levels by time:
     D:3: 1260 daAuts
     D:1: 878 daAuts
     D:2: 397 daAuts
     D:4: 256 daAuts
